 Dungeon Crawl Stone Soup version 0.30-a0-12-gd8047c6341 (webtiles) character file.

Game seed: 11726813623934316852

742 SensoryNuts the Cleaver (level 7, 0/60 HPs)
             Began as a Hill Orc Fighter on Aug 23, 2022.
             Slain by Maggie
             ... wielding a +2 glaive of flaming
              (1 damage)
             ... on level 6 of the Dungeon.
             The game lasted 00:05:05 (5492 turns).

SensoryNuts the Cleaver (Hill Orc Fighter)          Turns: 5492, Time: 00:05:06

Health: 0/60       AC: 11    Str: 19    XL:     7   Next: 76%
Magic:  7/7        EV:  9    Int:  8    God:
Gold:   279        SH:  5    Dex: 12    Spells: 6/6 levels left

rFire   + . .      SeeInvis +    a - +5 war axe
rCold   + . .      Faith    .    c - +0 buckler
rNeg    . . .      Spirit   .    b - +0 scale mail
rPois   +          Reflect  .    o - +2 hat
rElec   +          Harm     .    h - +1 cloak
rCorr   +          Rampage  .    (no gloves)
Will    .....                    (no boots)
Stlth   ..........               (no amulet)
HPRegen 0.20/turn                f - ring of see invisible
MPRegen 0.10/turn                (no ring)

@: resistant, mesmerised
A: no striking features
a: no special abilities


You were on level 6 of the Dungeon.
You visited 1 branch of the dungeon, and saw 6 of its levels.

You collected 279 gold pieces.

Inventory:

Hand Weapons
 a - a +5 war axe (weapon)
Armour
 b - a +0 scale mail (worn)
 c - a +0 buckler (worn)
 h - a +1 cloak (worn)
 o - a +2 hat (worn)
Jewellery
 e - the amulet of Elemental Vulnerability {rPois rF-- rC-- AC+8}
   (You found it on level 3 of the Dungeon)

   [amulet of nothing]

   AC:        It affects your AC (+8).
   rF:        It makes you very vulnerable to fire.
   rC:        It makes you very vulnerable to cold.
   rPois:     It protects you from poison.
 f - a ring of see invisible (left hand)
Wands
 i - a wand of light (13)
 j - a wand of charming (4)
 n - a wand of digging (3)
Scrolls
 m - a scroll of fog
Potions
 g - a potion of resistance


   Skills:
 + Level 4.7 Fighting
 * Level 9.0 Axes
 + Level 5.0 Armour
 + Level 1.0 Dodging
 + Level 0.4 Stealth
 + Level 3.8 Shields


You had 6 spell levels left.
You didn't know any spells.
Your spell library contained the following spells:

 Spells                   Type           Power      Damage    Failure   Level
 Static Discharge         Conj/Air       0%         3-3/arc   94%         2
 Dispel Undead            Necr           0%         3d6       100%        4
 Sticky Flame             Conj/Fire      0%         2d3       100%        4


Dungeon Overview and Level Annotations

Branches:
Dungeon (6/15)
 Temple: D:4-7

Altars:
Nemelex Xobeh
Uskayaw
Zin

Annotations:
D:6 Maggie


Message History

Okay, then.
The air fills with toxic fumes!
As you read the scroll of poison, it crumbles to dust.
The orc closely misses you.
Maggie hits you with a +2 glaive of flaming!
* * * LOW HITPOINT WARNING * * *
Maggie burns you.
* * * LOW HITPOINT WARNING * * *
You hit the orc.
The orc is severely wounded.
You slash Maggie! The orc misses you.
Maggie hits you with a +2 glaive of flaming!
* * * LOW HITPOINT WARNING * * *
Maggie burns you.
* * * LOW HITPOINT WARNING * * *
As you read the scroll labelled QOACUXOVUAD, it crumbles to dust.
It is a scroll of identify.
m - a scroll of fog You break out of your daze.
The orc hits you but does no damage.
Maggie casts a spell.
Maggie attempts to bespell you! You resist.
Okay, then.
You feel better. The orc hits you but does no damage.
Maggie hits you with a +2 glaive of flaming!
* * * LOW HITPOINT WARNING * * *
You barely miss Maggie.
Maggie is heavily wounded.
You hit the orc.
You kill the orc!
Maggie mumbles some strange words.
Maggie attempts to bespell you!
You are mesmerised by Maggie!
Okay, then.
You closely miss Maggie.
Maggie is heavily wounded.
Maggie hits you with a +2 glaive of flaming.
* * * LOW HITPOINT WARNING * * *
Maggie burns you.
You die...

§☼§§§§§§§☼#
§§§§☼§§§☼☼#
#§§§§☼☼☼§#
#☼§§§§§☼§#
#☼§§☼§§§§#
#§§§§§§§§#
#§§§§§§§§#####
#§§§§@@☼§§§☼§#
#☼§§§§)§§☼§§☼#
#☼§§§§§§☼§§§§#
#§§§§☼☼§§§§§☼#
#§☼§§§☼§§§§☼§#
#§§§☼§☼§☼☼§§☼#
#☼§§§☼§☼§§§§§#
#§§§§§☼§§§§§§#
............#


You could see Maggie (mesmerising).

Vanquished Creatures
  A steam dragon (D:5)
  An ogre (D:5)
  A phantom (D:4)
  A scorpion (D:4)
  A howler monkey (D:5)
  A jelly (D:5)
  An orc priest (D:3)
  A hound (D:5)
  An iguana (D:5)
  A mummy (D:5)
  10 adders
  4 gnolls (D:5)
  2 dart slugs
  10 orcs
  6 endoplasms
  6 giant cockroaches
  7 hobgoblins
  11 jackals
  10 kobolds
  A quokka (D:4)
  2 ball pythons
  6 bats
  2 frilled lizards
  8 goblins
  A hobgoblin zombie (D:5)
  A kobold zombie (D:5)
  2 orc zombies (D:5)
  6 rats
105 creatures vanquished.

Vanquished Creatures (others)
  24 plants (D:3)
24 creatures vanquished.

Grand Total: 129 creatures vanquished

Notes
Turn   | Place    | Note
-------+----------+-------------------------------------------
     0 | D:1      | SensoryNuts the Hill Orc Fighter began the quest for the
                  | Orb.
     0 | D:1      | Reached XP level 1. HP: 19/19 MP: 1/1
    23 | D:1      | Reached XP level 2. HP: 16/27 MP: 2/2
    25 | D:1      | Reached skill level 3 in Axes
   297 | D:1      | Reached XP level 3. HP: 30/33 MP: 3/3
   340 | D:1      | Found a faded altar of an unknown god.
   881 | D:1      | Reached skill level 4 in Axes
  1166 | D:2      | Reached XP level 4. HP: 40/40 MP: 4/4
  1924 | D:3      | Reached skill level 5 in Axes
  1936 | D:3      | Reached XP level 5. HP: 33/46 MP: 5/5
  2050 | D:3      | Found a glowing silver altar of Zin.
  2128 | D:3      | Found a hide-covered altar of Uskayaw.
  2128 | D:3      | Noticed a +0 dagger
  2129 | D:3      | Noticed a +0 hand axe
  2201 | D:3      | Found the amulet of Elemental Vulnerability {rPois rF--
                  | rC-- AC+8}
  2817 | D:4      | Noticed a phantom
  2823 | D:4      | Killed a phantom
  2824 | D:4      | Reached skill level 6 in Axes
  2824 | D:4      | Reached XP level 6. HP: 45/52 MP: 6/6
  2861 | D:4      | Found a sparkling altar of Nemelex Xobeh.
  3510 | D:4      | Reached skill level 7 in Axes
  3570 | D:5      | Entered Level 5 of the Dungeon
  3701 | D:5      | HP: 2/53 [gnoll/+0 halberd (6)]
  3984 | D:5      | Reached XP level 7. HP: 58/60 MP: 7/7
  4012 | D:5      | Noticed a steam dragon
  4019 | D:5      | Killed a steam dragon
  4020 | D:5      | Reached skill level 8 in Axes
  4255 | D:5      | Reached skill level 1 in Dodging
  4479 | D:5      | You fall into a shaft and drop 1 floor!
  5204 | D:6      | Noticed Maggie
  5213 | D:5      | Reached skill level 9 in Axes
  5213 | D:5      | Reached skill level 5 in Armour
  5488 | D:6      | HP: 3/60 [Maggie/+2 glaive of flaming (2)]
  5492 | D:6      | HP: 1/60 [Maggie/+2 glaive of flaming (4)]
  5492 | D:6      | Slain by Maggie

Illustrated notes

Levels and vault maps discovered:
D:1:      erik_arrival_blinker_ship, layout_loops_ring,
          shapermc_ecumenical_altar_mp_urbaneastern
D:2:      layout_basic, minmay_misc_feat_diagonals
D:3:      layout_basic, lemuel_round_altar, dancing_weapons_uskayaw,
          serial_bayou_lagoon_a, uniq_crazy_yiuf_cottage
D:4:      layout_gridville, mainiacjoe_overflow_tiny_flanked
D:5:      layout_gridville, chequers_serial_rivers_room_b, minmay_mini_ossuary
D:6:      layout_gridville, regret_index_temple_of_mockery,
          lemuel_crystal_altar, nicolae_gozag_conspicuous_consumption,
          minmay_temple_entry_gardened_gates, serial_shops, nicolae_shop_trees,
          uniq_maggie, uniq_edmund, uniq_eustachio

Skill      XL: |  1  2  3  4  5  6  7 |
---------------+----------------------+-----
Axes           | 3 4 5 6 7 9 |  9.0
Fighting       | 4 |  4.7
Armour         | 4 5 |  5.0
Dodging        | 1 |  1.0
Stealth        | |  0.4
Shields        | |  3.8

Action                   |  1- 3 |  4- 6 |  7- 9 || total
-------------------------+-------+-------+-------++-------
Melee: War axe           |   100 |   127 |    39 ||   266
  Use: Scroll            |       |    11 |     2 ||    13
       Potion            |       |    13 |     2 ||    15
 Stab: Invisible         |       |     1 |       ||     1
Armor: Scale mail        |    68 |    64 |    14 ||   146
Dodge: Dodged            |    49 |    76 |    14 ||   139
Block: Buckler           |    19 |    31 |     7 ||    57

Table legend: (Time is in decaauts)
 A = Elapsed time spent in this place.
 B = Non-inter-level travel time spent in this place.
 C = Inter-level travel time spent in this place.
 D = Time resting spent in this place.
 E = Time spent auto-exploring this place.
 F = Levels seen in this place.
 G = Mean time per level.
                   A        B        C        D        E       F      G
               +--------+--------+--------+--------+--------+-----+--------+
         Total |   5584 |   4976 |    608 |      0 |   4195 |   6 |  930.7 |
       Dungeon |   5584 |   4976 |    608 |      0 |   4195 |   6 |  930.7 |
               +--------+--------+--------+--------+--------+-----+--------+

Top non-repeatable levels by time:
     D:5: 1652 daAuts
     D:1: 1062 daAuts
     D:3: 1040 daAuts
     D:4: 1010 daAuts
     D:2: 786 daAuts
     D:6: 30 daAuts
